 Dungeon Crawl Stone Soup version 0.26-a0-649-gf8c6c3aab7 (webtiles) character file.

Game seed: 11958290557856773779

35 DogServant the Ducker (level 3, 20/20 HPs)
             Began as a Tengu Arcane Marksman on Sept 26, 2020.
             Quit the game on level 2 of the Dungeon.
             The game lasted 00:02:39 (2015 turns).

DogServant the Ducker (Tengu Arcane Marksman)       Turns: 2015, Time: 00:02:40

Health: 20/20      AC:  2    Str: 10    XL:     3   Next: 33%
Magic:  6/6        EV: 13    Int: 13    God:
Gold:   41         SH:  0    Dex: 15    Spells: 2/5 levels left

rFire    . . .     SeeInvis .   f - +0 short sword
rCold    . . .     Faith    .   (no shield)
rNeg     . . .     Spirit   .   e - +0 robe
rPois    .         Reflect  .   (helmet restricted)
rElec    .         Harm     .   (no cloak)
rCorr    .         Rampage  .   (no gloves)
MR       .....                  (boots unavailable)
Stlth    +.........             (no amulet)
HPRegen  0.06/turn              (no ring)
MPRegen  0.10/turn              (no ring)

@: no status effects
A: beak, talons 3
a: no special abilities


You were on level 2 of the Dungeon.
You visited 1 branch of the dungeon, and saw 2 of its levels.

You collected 41 gold pieces.

Inventory:

Hand Weapons
 a - a +0 shortbow
 f - a +0 short sword (weapon)
Missiles
 d - 18 arrows
Armour
 e - a +0 robe (worn)
 k - a +0 leather armour
Scrolls
 c - 2 scrolls of immolation {unknown}
 g - a scroll of amnesia {unknown}
 h - 2 scrolls of enchant armour {unknown}
 i - a scroll of identify {unknown}
 l - a scroll of noise {unknown}
Potions
 b - a potion of heal wounds {unknown}
 j - a potion of cancellation {unknown}


   Skills:
 - Level 1.0 Fighting
 + Level 2.6 Bows
 + Level 2.9 Dodging
 + Level 1.5 Spellcasting
 + Level 2.5 Hexes


You had 2 spell levels left.
You knew the following spells:

 Your Spells              Type           Power        Failure   Level
a - Corona                Hex            #......      10%         1
b - Slow                  Hex            #.......     14%         2

Your spell library contained the following spells:

 Spells                   Type           Power        Failure   Level
 Inner Flame              Hex/Fire       #.......     43%         3
 Portal Projectile        Hex/Tloc       #.....       43%         3
 Cause Fear               Hex            #.........   67%         4
 Leda's Liquefaction      Hex/Erth       #.........   85%         4


Dungeon Overview and Level Annotations

Branches:
Dungeon (2/15)

Altars:
Cheibriados


Innate Abilities, Weirdness & Mutations

You have a beak for a mouth.
You have claws for feet.


Message History

The ooze is almost dead.
The ooze hits you.
You hit the ooze.
You kill the ooze!
You start resting.
HP restored.
You start waiting.
Done waiting.
You start waiting.
Done waiting.
Memorise Slow, consuming 2 spell levels and leaving 2?
You start memorising the spell.
You continue memorising. x2
You finish memorising.
Spell assigned to 'b'.
You start removing your armour.
You continue taking off your +0 leather armour. x4
You finish taking off your +0 leather armour.
You start putting on your armour.
You continue putting on your +0 robe. x5
You finish putting on your +0 robe.
Okay, then.
Are you sure you want to abandon this character and quit the game? (Confirm with "yes".)

#.# ######## #.#
........
##.############<..
#...........##...#
#..#####.......#..
#..# #.##.##...#
#..# #.##.###.##
#.## #.##.......
#@# #.######.##
#.# #.# #.## #.#
#.# #.## #.# #.#
.## #.# #.# . #.)
. ##. . .


There were no monsters in sight!

Vanquished Creatures
  An ooze (D:2)
  A worm (D:2)
  A leopard gecko (D:1)
  A ball python (D:1)
  A giant cockroach (D:2)
  A goblin (D:1)
  5 hobgoblins (D:1)
  4 jackals (D:1)
  A kobold (D:1)
  4 bats (D:1)
  4 rats (D:1)
24 creatures vanquished.

Vanquished Creatures (others)
  2 plants (D:1)
2 creatures vanquished.

Grand Total: 26 creatures vanquished

Notes
Turn   | Place    | Note
-------+----------+-------------------------------------------
     0 | D:1      | DogServant the Tengu Arcane Marksman began the quest for
                  | the Orb.
     0 | D:1      | Reached XP level 1. HP: 12/12 MP: 3/3
   117 | D:1      | Reached XP level 2. HP: 16/16 MP: 4/4
   335 | D:1      | Found a snail-covered altar of Cheibriados.
  1074 | D:1      | Reached XP level 3. HP: 20/20 MP: 6/6
  2005 | D:2      | Learned a level 2 spell: Slow
  2015 | D:2      | Quit the game

Illustrated notes

Levels and vault maps discovered:
D:1:      wander_arrival_estate, layout_basic, serial_forest,
          infiniplex_forest_clump_large, infiniplex_forest_straight_3,
          infiniplex_forest_clump_diagonal, infiniplex_forest_zigzag_1,
          infiniplex_forest_lined_1, infiniplex_forest_clump_small,
          infiniplex_forest_corner_1, infiniplex_forest_clump_C,
          infiniplex_forest_straight_3, cheibriados_altar_1
D:2:      layout_loops_ring, lemuel_round_altar, lemuel_doored_altar,
          chequers_big_river, dk_noncrumbling_3, okawaru_ov_weapons_minmay,
          uniq_jessica

Action                   || total
-------------------------++-------
Melee: Short sword       ||    52
       Peck              ||    12
       Kick              ||    15
 Fire: Shortbow          ||    22
Armor: Robe              ||    11
       Leather armour    ||     1
Dodge: Dodged            ||    39

Table legend: (Time is in decaauts)
 A = Elapsed time spent in this place.
 B = Non-inter-level travel time spent in this place.
 C = Inter-level travel time spent in this place.
 D = Time resting spent in this place.
 E = Time spent auto-exploring this place.
 F = Levels seen in this place.
 G = Mean time per level.
                   A        B        C        D        E       F      G
               +--------+--------+--------+--------+--------+-----+--------+
         Total |   2025 |   2009 |     16 |    803 |   1011 |   2 | 1012.5 |
       Dungeon |   2025 |   2009 |     16 |    803 |   1011 |   2 | 1012.5 |
               +--------+--------+--------+--------+--------+-----+--------+

Top non-repeatable levels by time:
     D:1: 1404 daAuts
     D:2: 621 daAuts
